[Event "Saturday 21 April Rapid Engine Tour 12+1 Rounds 9 Starts 1600ST"]
[Site "Infinity Chess"]
[Date "2018.4.21"]
[Round "4"]
[White "MarioDeMonti"]
[Black "Susanne"]
[Result "1/2-1/2"]
[ECO "B32"]
[WhiteElo "2473"]
[BlackElo "2519"]
[WhiteEngine "stockfish_x64_bmi2_2018_02_18_CTG"]
[BlackEngine "stockfish_jvv19_x64_bmi2_CTG"]
[EventType "Swiss"]
[WhiteTeam ""]
[BlackTeam ""]
[PlyCount "82"]
[TimeControl "720+1"]

1. e4 c5 2. Nf3 Nc6 3. d4 cxd4 4. Nxd4 e5 5. Nb5 d6 6. N1c3 a6 7. Na3 b5 
8. Nd5 Nf6 9. Bg5 Be7 10. Bxf6 Bxf6 11. c3 Rb8 12. Nc2 Bg5 13. a4 bxa4 
14. Ncb4 Nxb4 15. Nxb4 Bd7 16. Bxa6 Qa5 17. Qxd6 Rb6 18. Qd3 Be6 19. Bc4 Rxb4 
20. Bxe6 Rd4 21. Qf3 O-O 22. Bd5 Bd2+ 23. Ke2 Qa6+ 24. c4 Bb4 25. Rhd1 Rxd1 
26. Rxd1 Bc5 27. g3 Qb6 28. Rd2 g6 29. Kf1 Qb4 30. Qd1 Kg7 31. Kg2 Rb8 
32. h4 Qb3 33. Qxb3 Rxb3 34. f4 h5 35. Bc6 Rb4 36. Rc2 exf4 37. gxf4 Kf6 
38. Kh3 Rb3+ 39. Kg2 Rb4 40. Kf3 Rb3+ 41. Kg2 Rb4 1/2-1/2

[Event "Saturday 21 April Rapid Engine Tour 12+1 Rounds 9 Starts 1600ST"]
[Site "Infinity Chess"]
[Date "2018.4.21"]
[Round "4"]
[White "KQRBNP"]
[Black "MedusaV3"]
[Result "1/2-1/2 "]
[ECO "C65"]
[WhiteElo "2378"]
[BlackElo "2397"]
[WhiteEngine "Eman 1.70-beta24 64-bit POPCNT"]
[BlackEngine "Eman 1.70-beta23 64-bit BMI2_CTG"]
[EventType "Swiss"]
[WhiteTeam ""]
[BlackTeam ""]
[PlyCount "160"]
[TimeControl "720+1"]

1. e4 e5 2. Nf3 Nc6 3. Bb5 Nf6 4. O-O Nxe4 5. d4 Nd6 6. Bxc6 dxc6 7. dxe5 Nf5 
8. Qxd8+ Kxd8 9. h3 Be7 10. Nc3 Bd7 11. Re1 Be6 12. Ne2 Bd5 13. g4 Bxf3 
14. gxf5 Kd7 15. Nd4 Bh5 16. Kg2 Rae8 17. Bf4 Rhg8 18. Bg3 f6 19. e6+ Kc8 
20. Ne2 Rd8 21. Nf4 Be8 22. Rad1 Rxd1 23. Rxd1 g6 24. Kf1 gxf5 25. Ne2 f4 
26. Nxf4 Rg5 27. Ng2 Rd5 28. Rxd5 cxd5 29. Ne3 c6 30. f4 Bh5 31. Kg2 d4 
32. Nf5 Kd8 33. Nxd4 c5 34. Nf5 Bg6 35. Nxe7 Be4+ 36. Kh2 Kxe7 37. c3 Kxe6 
38. b4 cxb4 39. cxb4 b5 40. Bf2 a6 41. Kg3 Bf5 42. Bd4 Bd3 43. Kh4 Bf1 44. a3 f5 
45. Kg5 Kd5 46. Bc3 Kc4 47. Be1 Bxh3 48. Kh6 Kd3 49. Bh4 Kc4 50. Kxh7 Kb3 
51. Kg6 Kxa3 52. Be1 Ka2 53. Kg5 Kb3 54. Kf6 Kb2 55. Kf7 Bf1 56. Ke7 Bc4 
57. Kf6 Bd3 58. Ke6 Kc2 59. Ke5 Kb3 60. Kd5 Bf1 61. Kc5 Bc4 62. Kb6 Be6 
63. Kc5 Bc4 64. Kc6 Be2 65. Kb7 Bd3 66. Kb6 Be4 67. Kxa6 Kc4 68. Ka5 Ba8 
69. Bd2 Bg2 70. Kb6 Bh1 71. Be1 Bd5 72. Bd2 Bf3 73. Ka5 Bh1 74. Kb6 Bg2 
75. Ka5 Be4 76. Be3 Ba8 77. Bd2 Bg2 78. Be1 Bh1 79. Kb6 Ba8 80. Bd2 Bf3 1/2-1/2

[Event "Saturday 21 April Rapid Engine Tour 12+1 Rounds 9 Starts 1600ST"]
[Site "Infinity Chess"]
[Date "2018.4.21"]
[Round "4"]
[White "star99"]
[Black "Katzenmaier"]
[Result "1/2-1/2"]
[ECO "C26"]
[WhiteElo "2465"]
[BlackElo "2498"]
[WhiteEngine "Cryptic Heroes 9.4B"]
[BlackEngine "Raubfisch X38a."]
[EventType "Swiss"]
[WhiteTeam ""]
[BlackTeam ""]
[PlyCount "101"]
[TimeControl "720+1"]

1. e4 e5 2. Nc3 Nf6 3. g3 Bc5 4. Nge2 Ng4 5. d4 exd4 6. Nxd4 Nxf2 7. Kxf2 Qf6+ 
8. Ke3 Nc6 9. Ncb5 O-O 10. c3 d5 11. Bg2 dxe4 12. Rf1 Qd8 13. Qh5 f5 14. Ke2 Bd7 
15. Bg5 Be8 16. Qh4 Qd5 17. Ke1 Nxd4 18. Nxd4 Bxd4 19. cxd4 Qxd4 20. Rd1 Qxb2 
21. Be3 Bb5 22. Rf2 Qc3+ 23. Bd2 Qa3 24. Bc1 Qa5+ 25. Bd2 Qb6 26. Qf4 e3 
27. Bxe3 Rae8 28. Bd5+ Kh8 29. Kd2 Qa5+ 30. Kc2 Bc6 31. Bxc6 Qxa2+ 32. Kd3 Qa6+ 
33. Kd2 Qxc6 34. Rc1 Qd5+ 35. Qd4 Qe6 36. Ke2 Rf7 37. Qxa7 b6 38. Qa3 c5 
39. Rf3 f4 40. gxf4 Qh6 41. Kf1 Qxh2 42. Re1 Rfe7 43. Qc3 c4 44. f5 Qh1+ 
45. Kf2 Qh2+ 46. Kf1 b5 47. f6 Qh1+ 48. Kf2 Qh2+ 49. Kf1 Qh1+ 50. Kf2 Qh2+ 
51. Kf1 1/2-1/2

[Event "Saturday 21 April Rapid Engine Tour 12+1 Rounds 9 Starts 1600ST"]
[Site "Infinity Chess"]
[Date "2018.4.21"]
[Round "3"]
[White "ocirema"]
[Black "Mr Aj"]
[Result "1-0"]
[ECO "E20"]
[WhiteElo "2433"]
[BlackElo "2468"]
[WhiteEngine "asmFishW_2018-04-15_popcnt_CTG"]
[BlackEngine "Houdini 6"]
[EventType "Swiss"]
[WhiteTeam ""]
[BlackTeam ""]
[PlyCount "139"]
[TimeControl "720+1"]

1. d4 Nf6 2. c4 e6 3. Nc3 d5 4. Nf3 c6 5. e3 Bd6 6. Bd3 Nbd7 7. e4 dxe4 
8. Nxe4 Nxe4 9. Bxe4 Nf6 10. Bc2 b6 11. O-O Qc7 12. Qe2 h6 13. Ne5 Bb7 
14. Bf4 O-O 15. b4 c5 16. dxc5 bxc5 17. b5 Ng4 18. Rfe1 Nxe5 19. Bxe5 Rad8 
20. Rad1 Bxe5 21. Qxe5 Rxd1 22. Bxd1 Rc8 23. a4 Kf8 24. Qxc7 Rxc7 25. a5 Ke7 
26. Be2 g5 27. a6 Ba8 28. Rd1 Rc8 29. Bf3 Bxf3 30. gxf3 Rg8 31. Kg2 f6 
32. h4 Rg7 33. Kh3 Rg8 34. Kg4 f5+ 35. Kg3 gxh4+ 36. Kh2 Rc8 37. f4 Rf8 
38. Kh3 Ra8 39. Rg1 Kf6 40. Rd1 Ke7 41. Kxh4 Rg8 42. Kh3 h5 43. Rd3 Rc8 
44. Kh4 Rh8 45. Rd1 Rc8 46. Kxh5 Rg8 47. Kh4 Rc8 48. Rd3 Kf6 49. Rd7 Ra8 
50. Kg3 Rg8+ 51. Kf3 Ra8 52. Rc7 Kg6 53. Rxc5 Kg7 54. Rc7+ Kf6 55. c5 Kg6 
56. c6 e5 57. fxe5 f4 58. Rb7 Kf5 59. c7 Rc8 60. Rxa7 Kxe5 61. b6 Ke6 
62. b7 Rxc7 63. b8=Q Rxa7 64. Qxa7 Kd6 65. Qb6+ Kd5 66. a7 Kc4 67. a8=Q Kd3 
68. Qb1+ Kc3 69. Qae4 Kd2 70. Qec2# 1-0

[Event "Saturday 21 April Rapid Engine Tour 12+1 Rounds 9 Starts 1600ST"]
[Site "Infinity Chess"]
[Date "2018.4.21"]
[Round "3"]
[White "MedusaV3"]
[Black "angriff"]
[Result "1-0"]
[ECO "D00"]
[WhiteElo "2381"]
[BlackElo "2386"]
[WhiteEngine "Eman 1.70-beta23 64-bit BMI2_CTG"]
[BlackEngine "DracoREX 3.07 64BIT POPCNT_CTG"]
[EventType "Swiss"]
[WhiteTeam ""]
[BlackTeam ""]
[PlyCount "191"]
[TimeControl "720+1"]

1. d4 d5 2. e3 Nf6 3. c4 e6 4. Nf3 b6 5. b3 Bb7 6. Bb2 Nbd7 7. Nc3 Bd6 
8. Be2 O-O 9. O-O a6 10. a4 c5 11. cxd5 exd5 12. Rc1 g6 13. Bd3 Re8 14. Ne2 Nh5 
15. Qd2 Rc8 16. Rfd1 Qe7 17. h3 Rcd8 18. Rc2 Qf8 19. Qe1 Qe7 20. Rdc1 h6 
21. Qf1 Ra8 22. Nh2 Rac8 23. Ng4 Kh7 24. Qd1 Red8 25. Qf1 Rf8 26. Qd1 Rfd8 
27. Nh2 Rf8 28. Nf3 Rfe8 29. Qd2 Rcd8 30. a5 c4 31. bxc4 dxc4 32. Rxc4 b5 
33. Rc6 Bxc6 34. Rxc6 Nb8 35. Rb6 Bc7 36. e4 Bxb6 37. axb6 Nd7 38. b7 Nb6 
39. Bc1 Rh8 40. e5 Nc4 41. Qxh6+ Kg8 42. Qg5 Qxg5 43. Nxg5 Rb8 44. Ne4 Rxb7 
45. g4 Kg7 46. Nc5 Rb6 47. Kg2 Nf6 48. Bxc4 bxc4 49. exf6+ Rxf6 50. d5 Rc8 
51. Be3 Rb6 52. Bd4+ Kg8 53. Nc3 a5 54. N5e4 Ra6 55. Kf3 f5 56. Nc5 Rb6 
57. Kf4 fxg4 58. hxg4 Kf7 59. N5e4 Ra6 60. Na4 Rd8 61. Nec3 Kg8 62. Ke4 g5 
63. Be3 Rg6 64. Kd4 Kf7 65. Ne4 Rb8 66. Bd2 c3 67. Bxc3 Rd8 68. Bd2 Rd7 
69. f3 Re7 70. Nxg5+ Kg8 71. Ne4 Rf7 72. d6 Rxf3 73. d7 Rf8 74. Ke5 Kf7 
75. Bg5 Re6+ 76. Kd5 Ra6 77. d8=Q Rxd8+ 78. Bxd8 Rh6 79. Nac5 Rh1 80. Bxa5 Rg1 
81. Nd3 Ke7 82. g5 Rd1 83. Bd2 Kf7 84. Ne5+ Kg7 85. Ke6 Rb1 86. Nd6 Rb6 
87. g6 Rc6 88. Kd7 Rb6 89. Bg5 Kg8 90. Bh6 Rb8 91. Nc6 Rf8 92. Ke6 Rf7 
93. gxf7+ Kh7 94. f8=Q Kg6 95. Qf6+ Kh7 96. Qg7# 1-0

[Event "Saturday 21 April Rapid Engine Tour 12+1 Rounds 9 Starts 1600ST"]
[Site "Infinity Chess"]
[Date "2018.4.21"]
[Round "3"]
[White "Vimtiroba"]
[Black "MiKachomiKa QueeN"]
[Result "1/2-1/2"]
[ECO "C77"]
[WhiteElo "2410"]
[BlackElo "2414"]
[WhiteEngine "AsmFish A12_CTG"]
[BlackEngine "stockfish_18041819_x64_modern_CTG"]
[EventType "Swiss"]
[WhiteTeam ""]
[BlackTeam ""]
[PlyCount "99"]
[TimeControl "720+1"]

1. e4 e5 2. Nf3 Nc6 3. Bb5 a6 4. Ba4 Nf6 5. O-O Be7 6. Re1 b5 7. Bb3 O-O 
8. h3 Bb7 9. c3 d5 10. exd5 Nxd5 11. d3 Bf6 12. a3 Nce7 13. Nbd2 Nf4 14. d4 exd4 
15. Ne4 Bxe4 16. Rxe4 dxc3 17. Qxd8 Raxd8 18. Bxf4 cxb2 19. Rb1 Nd5 
20. Bxd5 Rxd5 21. Ree1 c5 22. Be5 Bxe5 23. Rxe5 Rxe5 24. Nxe5 Rd8 25. Rxb2 f6 
26. Nf3 Rd1+ 27. Kh2 Kf7 28. Re2 Rd3 29. a4 c4 30. Re1 Rd5 31. g4 c3 
32. axb5 axb5 33. Rb1 Ke6 34. Ne1 Ke5 35. Rb4 Rd1 36. Rxb5+ Kd6 37. Rb6+ Kd7 
38. Rb7+ Kd6 39. Nc2 Rd2 40. Ne1 c2 41. Nxc2 Rxf2+ 42. Kg3 Rxc2 43. Rxg7 Rc3+ 
44. Kh2 Ke5 45. Rxh7 Kf4 46. Rd7 f5 47. Rf7 Rc5 48. Kg1 Kg3 49. Rxf5 Rc1+ 
50. Rf1 1/2-1/2

[Event "Saturday 21 April Rapid Engine Tour 12+1 Rounds 9 Starts 1600ST"]
[Site "Infinity Chess"]
[Date "2018.4.21"]
[Round "3"]
[White "Dovahkiin"]
[Black "Deep_Impact"]
[Result "1/2-1/2"]
[ECO "C50"]
[WhiteElo "2426"]
[BlackElo "2437"]
[WhiteEngine "BrainFish_180418_x64_modern_CTG"]
[BlackEngine "BrainFish_180411_x64_bmi2"]
[EventType "Swiss"]
[WhiteTeam ""]
[BlackTeam ""]
[PlyCount "84"]
[TimeControl "720+1"]

1. e4 e5 2. Nf3 Nc6 3. Bc4 Bc5 4. O-O Nf6 5. d3 d6 6. c3 a5 7. Bg5 h6 8. Bh4 O-O 
9. a4 g5 10. Bg3 Kg7 11. Nbd2 Ba7 12. Re1 Ng8 13. Nf1 h5 14. h3 Nh6 15. d4 g4 
16. Bh4 f6 17. Ng3 Qe8 18. Nh2 Kh8 19. Rc1 Qg6 20. Ba2 f5 21. exf5 Nxf5 
22. Nxf5 Bxf5 23. hxg4 hxg4 24. Qd2 Bb6 25. Bd5 exd4 26. Bxc6 bxc6 27. cxd4 Rf7 
28. Rxc6 Bd7 29. Rc4 Kg8 30. Bg3 Raf8 31. Qd1 Qg7 32. b3 Bc8 33. Re2 Bd7 
34. Rc3 Qg5 35. Re4 Bf5 36. Rce3 Bxe4 37. Rxe4 Rg7 38. Rxg4 Qf5 39. Rh4 Rh7 
40. Rg4+ Rg7 41. Rh4 Rh7 42. Rg4+ Rg7 1/2-1/2

[Event "Saturday 21 April Rapid Engine Tour 12+1 Rounds 9 Starts 1600ST"]
[Site "Infinity Chess"]
[Date "2018.4.21"]
[Round "3"]
[White "KhalidOmar"]
[Black "hafaba"]
[Result "1/2-1/2"]
[ECO "C50"]
[WhiteElo "2448"]
[BlackElo "2449"]
[WhiteEngine "Eman 1.70-beta24 64-bit BMI2"]
[BlackEngine "Eman 1.70-beta21 64-bit POPCNT_CTG"]
[EventType "Swiss"]
[WhiteTeam ""]
[BlackTeam ""]
[PlyCount "152"]
[TimeControl "720+1"]

1. e4 e5 2. Nf3 Nc6 3. Bc4 Bc5 4. O-O Nf6 5. Re1 Ng4 6. Rf1 Nf6 7. d3 d6 
8. c3 a5 9. Nbd2 O-O 10. Re1 Be6 11. Bb5 Qb8 12. Nf1 Qa7 13. Be3 Bxe3 
14. Nxe3 Ne7 15. a4 Ng6 16. Bc4 Nf4 17. Qc2 Bxc4 18. Nxc4 Qc5 19. Ne3 Rfe8 
20. g3 Ne6 21. Qb3 Qa7 22. Nd2 Nc5 23. Qc2 Qa6 24. Ndc4 Qc6 25. b4 axb4 
26. cxb4 Ne6 27. Nd2 Qd7 28. Nf3 b6 29. Reb1 Ra7 30. Ra2 g6 31. Rc1 Kg7 
32. Kg2 h6 33. h3 b5 34. a5 c5 35. bxc5 Nxc5 36. Rb1 Rc8 37. Qd2 Qc6 
38. Rab2 Rb8 39. Nh4 Kh7 40. Nf3 Kg7 41. Nh2 Qa6 42. Nhg4 Ng8 43. Nd5 Qxa5 
44. Qc2 Ne6 45. Qc6 Ra6 46. Qc1 Nd4 47. Nb4 Raa8 48. Nc6 Nxc6 49. Qxc6 Rb6 
50. Qc1 Qa6 51. Rb4 Rc8 52. Qb2 h5 53. Ne3 Nf6 54. Nc4 Rbb8 55. Rxb5 Rxb5 
56. Qxb5 Qxb5 57. Rxb5 Nxe4 58. Rb7 Rc6 59. Nxe5 dxe5 60. dxe4 Rc5 61. h4 Rc4 
62. Kf3 Rc3+ 63. Ke2 Ra3 64. f3 Ra5 65. g4 Ra2+ 66. Ke3 g5 67. hxg5 h4 
68. Rb6 h3 69. Rd6 Rg2 70. Rh6 h2 71. f4 Rxg4 72. fxe5 Rxg5 73. Rxh2 Rxe5 
74. Re2 Rg5 75. Kf4 Kg6 76. Rb2 Rg1 1/2-1/2

[Event "Saturday 21 April Rapid Engine Tour 12+1 Rounds 9 Starts 1600ST"]
[Site "Infinity Chess"]
[Date "2018.4.21"]
[Round "3"]
[White "Thinker"]
[Black "IronMan"]
[Result "1/2-1/2"]
[ECO "C11"]
[WhiteElo "2449"]
[BlackElo "2450"]
[WhiteEngine "BrainFish_180411_x64_modern_CTG"]
[BlackEngine "Eman 170b23-EXP2"]
[EventType "Swiss"]
[WhiteTeam ""]
[BlackTeam ""]
[PlyCount "94"]
[TimeControl "720+1"]

1. e4 e6 2. d4 d5 3. Nc3 Nf6 4. e5 Nfd7 5. f4 c5 6. Nf3 Nc6 7. Be3 Be7 
8. Qd2 O-O 9. dxc5 Nxc5 10. O-O-O b6 11. Kb1 Bb7 12. Qe1 Rc8 13. h4 a6 
14. f5 Qc7 15. Qg3 Kh8 16. Bf4 Qd7 17. h5 h6 18. a3 d4 19. f6 gxf6 20. Be3 Rfd8 
21. Nxd4 Nxe5 22. Qf4 Bf8 23. Nb3 Qe7 24. Rxd8 Qxd8 25. Nxc5 bxc5 26. Be2 Bg7 
27. Rd1 Qa5 28. g4 Bc6 29. Bf2 Rb8 30. Bh4 Kg8 31. Ka1 Rb4 32. Qf2 Bf3 
33. Bxf3 Rf4 34. Rd3 Nxd3 35. cxd3 f5 36. gxf5 Bxc3 37. Qg3+ Kh7 38. Ka2 Rxf5 
39. bxc3 Qxc3 40. Be4 Qc2+ 41. Ka1 Qc1+ 42. Ka2 Qc2+ 43. Ka1 Qd1+ 44. Kb2 Qd2+ 
45. Ka1 Qd1+ 46. Kb2 Qd2+ 47. Ka1 Qd1+ 1/2-1/2

[Event "Saturday 21 April Rapid Engine Tour 12+1 Rounds 9 Starts 1600ST"]
[Site "Infinity Chess"]
[Date "2018.4.21"]
[Round "3"]
[White "Time_bandit"]
[Black "Gilgamesch"]
[Result "1/2-1/2"]
[ECO "C65"]
[WhiteElo "2459"]
[BlackElo "2451"]
[WhiteEngine "asmFishW_2018-04-11_bmi2"]
[BlackEngine "BrainFish_180408_x64_bmi2"]
[EventType "Swiss"]
[WhiteTeam ""]
[BlackTeam ""]
[PlyCount "87"]
[TimeControl "720+1"]

1. e4 e5 2. Nf3 Nc6 3. Bb5 Nf6 4. O-O Nxe4 5. d4 Nd6 6. Bxc6 dxc6 7. dxe5 Nf5 
8. Qxd8+ Kxd8 9. Nc3 Bd7 10. Rd1 Kc8 11. Ng5 Be8 12. Rd3 Be7 13. Nge4 b6 
14. b3 a5 15. Bb2 Bd7 16. a4 Be6 17. Ne2 g5 18. Nd6+ Bxd6 19. exd6 Rd8 
20. Bf6 Rxd6 21. Rxd6 cxd6 22. Bxg5 Kd7 23. Bf6 Ne7 24. Nc3 Rg8 25. Kf1 Nd5 
26. Nxd5 Bxd5 27. f3 c5 28. Kf2 Rg6 29. Bh4 Be6 30. Re1 Rg8 31. Bg3 Kc6 
32. Bf4 Rc8 33. Re3 Kd7 34. Ke2 h5 35. h4 f6 36. c4 d5 37. cxd5 Bxd5 38. Rd3 Kc6 
39. Kf2 Rg8 40. Bc7 Bf7 41. Bg3 Bd5 42. Bc7 Bf7 43. Bf4 Bd5 44. Bc7 1/2-1/2

[Event "Saturday 21 April Rapid Engine Tour 12+1 Rounds 9 Starts 1600ST"]
[Site "Infinity Chess"]
[Date "2018.4.21"]
[Round "3"]
[White "MarioDeMonti"]
[Black "Eman"]
[Result "1/2-1/2"]
[ECO "B90"]
[WhiteElo "2473"]
[BlackElo "2465"]
[WhiteEngine "stockfish_x64_bmi2_2018_02_18_CTG"]
[BlackEngine "Eman 1.70-beta24 64-bit POPCNT"]
[EventType "Swiss"]
[WhiteTeam ""]
[BlackTeam ""]
[PlyCount "108"]
[TimeControl "720+1"]

1. e4 c5 2. Nf3 d6 3. d4 cxd4 4. Nxd4 Nf6 5. Nc3 a6 6. Be3 e5 7. Nb3 Be6 
8. f3 Be7 9. Qd2 Nbd7 10. g4 O-O 11. O-O-O b5 12. a3 Nb6 13. g5 Nh5 14. Na5 Qc7 
15. Kb1 g6 16. h4 Rab8 17. Bxb6 Qxb6 18. Nd5 Bxd5 19. exd5 Bd8 20. Nc6 Rb7 
21. Bh3 a5 22. Bc8 Rc7 23. Bg4 Nf4 24. c3 Rb7 25. Bc8 Rc7 26. Bg4 Kh8 27. Qe1 h5 
28. gxh6 f5 29. Bh3 Rh7 30. Bf1 Bf6 31. Bd3 Rxh6 32. h5 Kg7 33. hxg6 Rxh1 
34. Qxh1 Rh8 35. Qf1 Nxd5 36. Bxb5 Ne3 37. Qg1 Qc5 38. Rc1 Qxb5 39. Qxe3 Qxc6 
40. Qa7+ Kxg6 41. Rg1+ Bg5 42. Qe7 Rh5 43. Qe6+ Kg7 44. Qe7+ Kh8 45. Qf8+ Kh7 
46. Qxf5+ Kh6 47. Qf8+ Kg6 48. Qg8+ Kh6 49. Qh8+ Kg6 50. Qg8+ Kf6 51. Qf8+ Ke6 
52. Qg8+ Kf6 53. Qf8+ Ke6 54. Qg8+ Kf6 1/2-1/2

[Event "Saturday 21 April Rapid Engine Tour 12+1 Rounds 9 Starts 1600ST"]
[Site "Infinity Chess"]
[Date "2018.4.21"]
[Round "3"]
[White "Katzenmaier"]
[Black "SkyPilot"]
[Result "1-0"]
[ECO "E90"]
[WhiteElo "2482"]
[BlackElo "2478"]
[WhiteEngine "Raubfisch X38a."]
[BlackEngine "stockfish_x64_bmi2_2018_04_07_CTG"]
[EventType "Swiss"]
[WhiteTeam ""]
[BlackTeam ""]
[PlyCount "129"]
[TimeControl "720+1"]

1. d4 Nf6 2. c4 g6 3. Nc3 Bg7 4. e4 d6 5. Nf3 O-O 6. Be2 e5 7. O-O Nc6 8. d5 Ne7 
9. b4 Kh8 10. Nd2 Ne8 11. c5 f5 12. a4 Ng8 13. f3 fxe4 14. Ndxe4 a5 15. Bg5 Ngf6 
16. bxa5 Rxa5 17. cxd6 Nxd6 18. Rc1 Bd7 19. Qb3 Qb8 20. Nxd6 Qa7+ 21. Kh1 cxd6 
22. Bb5 Qb6 23. Qc4 Bxb5 24. Nxb5 Raa8 25. Rfd1 Ne8 26. Qb4 Bf6 27. Bd2 Rf7 
28. Rc4 Qd8 29. Rdc1 Kg7 30. h3 h6 31. Be3 Kh7 32. R1c2 Re7 33. Qb1 Qd7 
34. Kh2 Rg7 35. Qc1 g5 36. Nc3 Kh8 37. Qb1 e4 38. Rxe4 Re7 39. Bf2 Be5+ 
40. Bg3 Bxg3+ 41. Kxg3 Rxe4 42. Nxe4 Rxa4 43. Kh2 Ra8 44. Rb2 Rb8 45. Ng3 Qf7 
46. Rb6 h5 47. Nf5 Ng7 48. Nxd6 Qf4+ 49. Kg1 Qd4+ 50. Kf1 Kg8 51. Ne4 Ra8 
52. Rb4 Ra1 53. Rxd4 Rxb1+ 54. Ke2 h4 55. Rd2 Rb6 56. d6 Ne6 57. d7 Nd8 
58. Rd5 Kf8 59. Re5 Re6 60. Rxg5 Re7 61. Rd5 b5 62. Kf2 Kf7 63. Nc5 b4 
64. Rh5 Kg7 65. Rxh4 1-0

[Event "Saturday 21 April Rapid Engine Tour 12+1 Rounds 9 Starts 1600ST"]
[Site "Infinity Chess"]
[Date "2018.4.21"]
[Round "3"]
[White "Susanne"]
[Black "Marsell"]
[Result "1/2-1/2"]
[ECO "A22"]
[WhiteElo "2520"]
[BlackElo "2483"]
[WhiteEngine "stockfish_jvv19_x64_bmi2_CTG"]
[BlackEngine "BrainFish_180418_x64_bmi2"]
[EventType "Swiss"]
[WhiteTeam ""]
[BlackTeam ""]
[PlyCount "92"]
[TimeControl "720+1"]

1. c4 e5 2. Nc3 Nf6 3. Nf3 Nc6 4. g3 d5 5. cxd5 Nxd5 6. Bg2 Nb6 7. d3 Be7 
8. Be3 O-O 9. O-O Be6 10. d4 exd4 11. Nxd4 Nxd4 12. Bxd4 c6 13. b3 Bb4 
14. Ne4 Qe7 15. Qc1 Bd5 16. Bc5 Bxc5 17. Qxc5 Rae8 18. Qxe7 Rxe7 19. Nc3 Bxg2 
20. Kxg2 g6 21. e4 Nd7 22. Rad1 Nc5 23. Rd4 f5 24. exf5 Rxf5 25. Rfd1 Rfe5 
26. b4 Ne6 27. Rc4 a5 28. a3 axb4 29. axb4 Nc7 30. Rd2 Kf7 31. Rf4+ Rf5 
32. Rxf5+ gxf5 33. f3 Ke6 34. Kf2 Rd7 35. Rxd7 Kxd7 36. Ke3 b5 37. g4 fxg4 
38. fxg4 Na6 39. Na2 c5 40. bxc5 Nxc5 41. Nb4 Kd6 42. h3 Ne6 43. h4 Nc5 
44. Kf4 Ne6+ 45. Ke3 h6 46. Na2 Kd5 1/2-1/2

[Event "Saturday 21 April Rapid Engine Tour 12+1 Rounds 9 Starts 1600ST"]
[Site "Infinity Chess"]
[Date "2018.4.21"]
[Round "3"]
[White "star99"]
[Black "KQRBNP"]
[Result "1/2-1/2"]
[ECO "D18"]
[WhiteElo "2469"]
[BlackElo "2374"]
[WhiteEngine "Cryptic Heroes 9.4B"]
[BlackEngine "Eman 1.70-beta24 64-bit POPCNT"]
[EventType "Swiss"]
[WhiteTeam ""]
[BlackTeam ""]
[PlyCount "133"]
[TimeControl "720+1"]

1. d4 d5 2. c4 c6 3. Nf3 Nf6 4. Nc3 dxc4 5. a4 Bf5 6. e3 e6 7. Bxc4 Bb4 
8. O-O Nbd7 9. Qe2 Bg6 10. e4 O-O 11. Bd3 h6 12. e5 Bxd3 13. Qxd3 Nd5 
14. Bd2 Ne7 15. Ne4 Bxd2 16. Qxd2 a5 17. Rfc1 Nb6 18. Ra3 Nbd5 19. Nh4 Kh7 
20. Rh3 Qc7 21. g4 Qb6 22. Ng2 Qb4 23. Qd1 c5 24. Nxc5 Nc6 25. Rd3 Rac8 
26. Ne3 Rfd8 27. Rcc3 Nf4 28. Rb3 Qxd4 29. Qb1 Kg8 30. Rxd4 Nxd4 31. Nxb7 Nxb3 
32. Nxd8 Nd2 33. Qd1 Rc1 34. Nc6 Rxd1+ 35. Nxd1 Nf3+ 36. Kh1 Nd3 37. Nxa5 Nfxe5 
38. Kg2 Kf8 39. b3 Nf4+ 40. Kg1 Nfd3 41. Kg2 Nf4+ 42. Kg1 Nfd3 43. h3 Ke7 
44. Kg2 g5 45. Nc3 Kd7 46. Nb5 Nc5 47. Nd4 Kc7 48. Nf3 Ned3 49. Nd2 Kb6 
50. Nac4+ Kc6 51. f3 f6 52. Ne4 Nxb3 53. Nxf6 Kc5 54. a5 Nb4 55. Na3 Nxa5 
56. Kg3 Kd4 57. Nb5+ Ke5 58. Nd7+ Kd5 59. Nf8 e5 60. Nc3+ Kd6 61. Ne4+ Ke7 
62. Ng6+ Kf7 63. Nxe5+ Ke6 64. Ng6 Kf7 65. Ne5+ Ke6 66. Ng6 Kf7 67. Ne5+ 1/2-1/2

[Event "Saturday 21 April Rapid Engine Tour 12+1 Rounds 9 Starts 1600ST"]
[Site "Infinity Chess"]
[Date "2018.4.21"]
[Round "2"]
[White "Mr Aj"]
[Black "MedusaV3"]
[Result "1/2-1/2"]
[ECO "A07"]
[WhiteElo "2472"]
[BlackElo "2377"]
[WhiteEngine "Houdini 6"]
[BlackEngine "Eman 1.70-beta23 64-bit BMI2_CTG"]
[EventType "Swiss"]
[WhiteTeam ""]
[BlackTeam ""]
[PlyCount "92"]
[TimeControl "720+1"]

1. Nf3 d5 2. g3 Nf6 3. Bg2 c5 4. O-O e6 5. d4 cxd4 6. Nxd4 e5 7. Nf3 Nc6 
8. c4 d4 9. e3 Be7 10. exd4 exd4 11. Bf4 Be6 12. Ne5 Rc8 13. Nd2 Nxe5 
14. Bxe5 Ng4 15. Re1 Nxe5 16. Rxe5 O-O 17. Bd5 Qd6 18. Qe1 Bxd5 19. Rxd5 Qc7 
20. Qe4 Bf6 21. Qf5 Rcd8 22. Rd1 Rxd5 23. cxd5 Rd8 24. Ne4 Be5 25. h4 g6 
26. Qg5 Kg7 27. d6 Bxd6 28. Qf6+ Kg8 29. Rxd4 Be7 30. Rxd8+ Bxd8 31. Qd4 a6 
32. Qd5 Be7 33. Kg2 Qc6 34. Qxc6 bxc6 35. Nd2 Kg7 36. Nc4 Kf6 37. b3 Bb4 
38. f4 Bc3 39. Kf3 h5 40. a3 Kf5 41. Ke3 Kg4 42. Kf2 Ba1 43. Ne3+ Kh3 
44. Nc4 Kg4 45. Ne3+ Kh3 46. Nc4 Kg4 1/2-1/2

[Event "Saturday 21 April Rapid Engine Tour 12+1 Rounds 9 Starts 1600ST"]
[Site "Infinity Chess"]
[Date "2018.4.21"]
[Round "2"]
[White "angriff"]
[Black "Vimtiroba"]
[Result "1/2-1/2"]
[ECO "C50"]
[WhiteElo "2385"]
[BlackElo "2411"]
[WhiteEngine "DracoREX 3.07 64BIT POPCNT_CTG"]
[BlackEngine "AsmFish A12_CTG"]
[EventType "Swiss"]
[WhiteTeam ""]
[BlackTeam ""]
[PlyCount "86"]
[TimeControl "720+1"]

1. e4 e5 2. Nf3 Nc6 3. Bc4 Bc5 4. O-O Nf6 5. d3 O-O 6. c3 a5 7. d4 Bb6 
8. dxe5 Ng4 9. Bf4 Qe8 10. Qd5 Ne7 11. Qd2 Ng6 12. Be2 f6 13. exf6 Nxf4 
14. Qxf4 d5 15. Nbd2 Nxf6 16. Qh4 dxe4 17. Rae1 Bf5 18. Bc4+ Kh8 19. Bd3 exd3 
20. Rxe8 Raxe8 21. Nc4 Ba7 22. Nd4 Bg4 23. Qg5 Be2 24. Ra1 b5 25. Nd2 Ne4 
26. Nxe4 Rxe4 27. Qd2 Re5 28. f3 Rd8 29. Kf2 Bb6 30. Kg3 h6 31. Qf4 Red5 
32. Ne6 d2 33. Nxd8 Rxd8 34. Qe5 d1=Q 35. Rxd1 Bxd1 36. Qe7 Rb8 37. Qe4 Rd8 
38. Qe7 Rd2 39. Qe8+ Kh7 40. Qe4+ Kg8 41. Qe8+ Kh7 42. Qe4+ Kg8 43. Qe8+ Kh7 
1/2-1/2

[Event "Saturday 21 April Rapid Engine Tour 12+1 Rounds 9 Starts 1600ST"]
[Site "Infinity Chess"]
[Date "2018.4.21"]
[Round "2"]
[White "MiKachomiKa QueeN"]
[Black "Dovahkiin"]
[Result "1/2-1/2"]
[ECO "B90"]
[WhiteElo "2413"]
[BlackElo "2427"]
[WhiteEngine "stockfish_18041819_x64_modern_CTG"]
[BlackEngine "BrainFish_180418_x64_modern_CTG"]
[EventType "Swiss"]
[WhiteTeam ""]
[BlackTeam ""]
[PlyCount "104"]
[TimeControl "720+1"]

1. e4 c5 2. Nf3 d6 3. d4 cxd4 4. Nxd4 Nf6 5. Nc3 a6 6. h3 e5 7. Nde2 h5 
8. g3 Be6 9. Bg2 b5 10. O-O Nbd7 11. Be3 Be7 12. Nd5 Nxd5 13. exd5 Bf5 
14. f4 Rc8 15. c3 Bh7 16. fxe5 dxe5 17. d6 Bg5 18. Qc1 Bxe3+ 19. Qxe3 O-O 
20. Rad1 Rb8 21. b3 Qb6 22. Qxb6 Rxb6 23. c4 Rd8 24. Nc3 Kf8 25. cxb5 axb5 
26. b4 f6 27. a3 Rc8 28. Rf3 Bg8 29. Ne4 Ke8 30. Bf1 Bc4 31. Rc3 Rcc6 
32. g4 Bxf1 33. Kxf1 Rxc3 34. Nxc3 hxg4 35. hxg4 Kf7 36. Ke2 Ke6 37. Rd3 g6 
38. Nd5 Rxd6 39. Nc7+ Ke7 40. Nxb5 Ra6 41. Rc3 f5 42. Nc7 Ra7 43. gxf5 gxf5 
44. Nb5 Ra8 45. Rc6 f4 46. Kf3 Rg8 47. Nc3 Rg3+ 48. Ke4 Re3+ 49. Kf5 Rd3 
50. Ke4 Re3+ 51. Kf5 Rd3 52. Ke4 Re3+ 1/2-1/2

[Event "Saturday 21 April Rapid Engine Tour 12+1 Rounds 9 Starts 1600ST"]
[Site "Infinity Chess"]
[Date "2018.4.21"]
[Round "2"]
[White "Deep_Impact"]
[Black "KhalidOmar"]
[Result "1/2-1/2"]
[ECO "C55"]
[WhiteElo "2437"]
[BlackElo "2448"]
[WhiteEngine "BrainFish_180411_x64_bmi2"]
[BlackEngine "Eman 1.70-beta24 64-bit BMI2"]
[EventType "Swiss"]
[WhiteTeam ""]
[BlackTeam ""]
[PlyCount "94"]
[TimeControl "720+1"]

1. e4 e5 2. Nf3 Nc6 3. Bc4 Nf6 4. d3 Bc5 5. c3 d6 6. O-O O-O 7. Re1 a5 
8. Nbd2 h6 9. Nf1 Be6 10. Bb5 Ne7 11. d4 exd4 12. cxd4 Bb6 13. Ng3 d5 14. e5 Ne4 
15. Bd3 Nxg3 16. hxg3 Bg4 17. Bb1 a4 18. Qc2 Bf5 19. Qe2 Qd7 20. Bd2 c5 
21. Bxf5 Nxf5 22. dxc5 Bxc5 23. Qd3 Rac8 24. Rac1 Ne7 25. b4 axb3 26. axb3 Qe6 
27. Ba5 b6 28. Bd2 Nc6 29. Rb1 Nb4 30. Bxb4 Bxb4 31. Re2 Bc3 32. Nd4 Bxd4 
33. Qxd4 Rc5 34. Rd1 Ra8 35. Red2 Re8 36. f4 Rec8 37. Rd3 Qg6 38. Qe3 Rc1 
39. Qf3 Rxd1+ 40. Qxd1 Rc1 41. Qxc1 Qxd3 42. Qc8+ Kh7 43. Qb7 Qd1+ 44. Kh2 Qh5+ 
45. Kg1 Qd1+ 46. Kh2 Qh5+ 47. Kg1 Qd1+ 1/2-1/2